 Dungeon Crawl Stone Soup version 0.30-a0-137-gd8773701ce (webtiles) character file.

Game seed: 12686250728819645078

161 Dreamer the Changer (level 5, -7/33 HPs)
             Began as an Octopode Transmuter on Sept 22, 2022.
             Killed from afar by an orc wizard (10 damage)
             ... with a puff of flame
             ... on level 6 of the Dungeon.
             The game lasted 00:06:09 (3014 turns).

Dreamer the Changer (Octopode Transmuter)           Turns: 3014, Time: 00:06:10

Health: -7/33      AC:  1    Str:  9    XL:     5   Next: 42%
Magic:  8/8        EV: 12    Int: 18    God:
Gold:   93         SH: 10    Dex: 12    Spells: 3/8 levels left

rFire   . . .      SeeInvis .    s - +0 short sword
rCold   . . .      Faith    .    k - +2 buckler
rNeg    + . .      Spirit   .    (helmet restricted)
rPois   .          Reflect  +    m - amulet of reflection
rElec   .          Harm     .    d - ring of positive energy
rCorr   .          Rampage  .    (no ring)
Will    .....                    (no ring)
Stlth   ++........               (no ring)
HPRegen 0.11/turn                (no ring)
MPRegen 0.11/turn                (no ring)
                                 (no ring)
                                 (no ring)

@: no status effects
A: almost no armour, amphibious, 8 rings, camouflage 1, gelatinous body 1,
(nimble swimmer 1), tentacles
a: no special abilities


You were on level 6 of the Dungeon.
You visited 1 branch of the dungeon, and saw 5 of its levels.

You collected 93 gold pieces.

Inventory:

Hand Weapons
 s - a +0 short sword (weapon)
Armour
 k - a +2 buckler (worn)
Jewellery
 d - a ring of positive energy (left tentacle)
 m - an amulet of reflection (around mantle)
Scrolls
 e - a scroll of vulnerability {unknown}
 g - a scroll of fear {unknown}
 h - a scroll of blinking {unknown}
 j - a scroll of amnesia {unknown}
 l - a scroll of identify {unknown}
 n - a scroll of magic mapping {unknown}
 o - a scroll of immolation {unknown}
 p - a scroll of teleportation {unknown}
 q - a scroll of acquirement {unknown}
 r - a scroll of enchant armour {unknown}
Potions
 a - a potion of lignification
 b - a potion of berserk rage {unknown}
 c - a potion of ambrosia {unknown}
 f - a potion of flight {unknown}
 i - 2 potions of curing {unknown}


   Skills:
 - Level 1.0 Fighting
 - Level 2.0 Dodging
 - Level 3.0 Unarmed Combat
 - Level 2.0 Spellcasting
 * Level 4.6 Transmutations
 + Level 2.6 Ice Magic


You had 3 spell levels left.
You knew the following spells:

 Your Spells              Type           Power      Damage    Failure   Level
a - Beastly Appendage     Tmut           36%        N/A       3%          1
b - Ice Form              Ice/Tmut       14%        N/A       50%         4

Your spell library contained the following spells:

 Spells                   Type           Power      Damage    Failure   Level
 Wereblood                Tmut           18%        N/A       5%          2
 Spider Form              Tmut/Pois      10%        N/A       28%         3


Dungeon Overview and Level Annotations

Branches:
Dungeon (6/15)
 Temple: D:4-7

Altars:

Annotations:
D:2 1 runed translucent door, exclusion: door, Crazy Yiuf, Natasha


Innate Abilities, Weirdness & Mutations

You cannot wear most types of armour.
You are amphibious.
You can wear up to eight rings at the same time.
Your skin changes colour to match your surroundings (Stealth+).
Your rubbery body absorbs attacks. (AC +1, EV +1)
((You are camouflaged when in or above water. (Stealth+)))
You have tentacles for arms and can constrict up to eight enemies at once.


Message History

You start resting.
An orc comes into view. It is wielding a +0 morningstar.
An orc is nearby!
The orc shouts!
The orc throws a boomerang.
The boomerang hits you.
* * * LOW HITPOINT WARNING * * *
You start resting.
An orc is nearby!
You swing at nothing.
You swing at nothing.
You barely miss the orc. You grab the orc. You squeeze the orc.
The orc is moderately wounded.
You constrict the orc, but do no damage.
You block the orc's attack.
You completely miss the orc. You tentacle-slap the orc.
You kill the orc!
You start resting.
A white imp comes into view.
You start resting.
A white imp is nearby!
The white imp shouts!
You hear a shout!
You hit the white imp. You grab the white imp.
The white imp is lightly wounded.
You constrict the white imp, but do no damage.
The white imp hits you but does no damage.
You hit the white imp.
The white imp is heavily wounded.
You constrict the white imp. The white imp gestures at you.
The puff of frost hits you!
* * * LOW HITPOINT WARNING * * *
You hit the white imp.
The white imp is severely wounded.
You constrict the white imp, but do no damage.
You block the white imp's attack.
You hit the white imp. You squeeze the white imp.
You kill the white imp!
The orc wizard casts a spell at you. The puff of flame hits you!
You die...

. . ......... #
#...#....# #
....o......
..........#
#.#......#....#
.............)#
#.#.##...#....####
.. ..^."...<..)@#
.#. #...#o#..####
....##...........#
.#..##...#.#..####
.#..##.. #.#..#
....... ......#
...... ...#..##
..... ..#.#.##
..... .....#.#


You could see an orc wizard.

Vanquished Creatures
  A scorpion (D:5)
  An iguana (D:5)
  2 adders (D:2)
  A white imp (D:6)
  An ufetubus (D:2)
  A worm (D:2)
  A dart slug (D:5)
  An orc (D:6)
  5 ball pythons
  2 endoplasms (D:1)
  4 giant cockroaches
  8 hobgoblins
  3 jackals (D:2)
  6 kobolds
  A bat (D:1)
  3 frilled lizards
  3 goblins
  3 rats
47 creatures vanquished.

Vanquished Creatures (others)
  A demonic plant (D:6)
1 creature vanquished.

Grand Total: 48 creatures vanquished

Notes
Turn   | Place    | Note
-------+----------+-------------------------------------------
     0 | D:1      | Dreamer the Octopode Transmuter began the quest for the
                  | Orb.
     0 | D:1      | Reached XP level 1. HP: 13/13 MP: 3/3
    39 | D:1      | Reached XP level 2. HP: 6/18 MP: 3/5
   397 | D:1      | Reached skill level 1 in Ice Magic
   602 | D:1      | Reached skill level 3 in Transmutations
   671 | D:1      | Reached XP level 3. HP: 19/23 MP: 6/6
   829 | D:1      | Found a faded altar of an unknown god.
  1531 | D:2      | Found a runed translucent door.
  1532 | D:2      | Noticed Crazy Yiuf
  1641 | D:2      | Noticed Natasha
  1919 | D:2      | Reached XP level 4. HP: 23/28 MP: 5/7
  2033 | D:2      | Learned a level 4 spell: Ice Form
  2741 | D:3      | You fall into a shaft and drop 3 floors!
  2756 | D:5      | Entered Level 5 of the Dungeon
  2769 | D:5      | Noticed a gnoll sergeant
  2773 | D:6      | Noticed an ogre
  2773 | D:6      | Noticed a black bear
  2820 | D:5      | Noticed a scorpion
  2836 | D:5      | Reached skill level 4 in Transmutations
  2923 | D:5      | Killed a scorpion
  2924 | D:5      | Reached XP level 5. HP: 5/33 MP: 8/8
  2971 | D:6      | Noticed a centaur
  3014 | D:6      | Killed from afar by an orc wizard

Illustrated notes

Levels and vault maps discovered:
D:1:      minmay_arrival_three_doors, layout_loops_ring,
          nicolae_ecumenical_lake_church, grunt_decor_junction,
          minmay_small_reverse_x
D:2:      layout_basic, serial_bayou_pond_e, minmay_misc_feat_pillars,
          uniq_natasha, uniq_crazy_yiuf_cottage
D:3:      layout_basic, guppyfry_early_lair_pool, uniq_sigmund, uniq_ijyb,
          uniq_grinder, uniq_terence
D:5:      layout_loops_cross
D:6:      cheibrodos_two_vegetables, layout_basic, serial_demonic,
          serial_demonic_e, serial_demonic_a, serial_demonic_g, serial_demonic_f

Skill      XL: |  1  2  3  4 |
---------------+-------------+-----
Ice Magic      | 1 2 |  2.6
Transmutations | 3 4 |  4.6
Fighting       | |  1.0
Dodging        | |  2.0
Unarmed Combat | |  3.0
Spellcasting   | |  2.0

Action                   |  1- 3 |  4- 6 || total
-------------------------+-------+-------++-------
Melee: Unarmed           |    91 |     3 ||    94
       Constrict         |    29 |     7 ||    36
       Kick              |     5 |    10 ||    15
       Tentacles         |    21 |    12 ||    33
       Punch             |     1 |     1 ||     2
       Short sword       |       |    22 ||    22
       Whip              |       |     3 ||     3
 Cast: Beastly Appendage |     2 |     3 ||     5
 Stab: Sleeping          |     3 |       ||     3
Armor: Skin              |     4 |     1 ||     5
Dodge: Dodged            |    46 |     7 ||    53
Block: Buckler           |    13 |    12 ||    25
       Reflection        |     1 |       ||     1

Table legend: (Time is in decaauts)
 A = Elapsed time spent in this place.
 B = Non-inter-level travel time spent in this place.
 C = Inter-level travel time spent in this place.
 D = Time resting spent in this place.
 E = Time spent auto-exploring this place.
 F = Levels seen in this place.
 G = Mean time per level.
                   A        B        C        D        E       F      G
               +--------+--------+--------+--------+--------+-----+--------+
         Total |   3009 |   2911 |     98 |    520 |   1851 |   5 |  601.8 |
       Dungeon |   3009 |   2911 |     98 |    520 |   1851 |   5 |  601.8 |
               +--------+--------+--------+--------+--------+-----+--------+

Top non-repeatable levels by time:
     D:2: 1532 daAuts
     D:1: 1191 daAuts
     D:5: 168 daAuts
     D:6: 104 daAuts
     D:3: 12 daAuts
